 Dungeon Sprint DCSS version 0.19.5 (webtiles) character file.

989 snowfan the Nimble (level 7, -9/36 HPs)
             Began as a Deep Elf Conjurer on Apr 17, 2017.
             Was a Follower of Vehumet.
             Mangled by a demonic crawler (10 damage)
             ... in the Dungeon (Sprint I: "Red Sonja").
             The game lasted 00:06:40 (772 turns).

snowfan the Nimble (Deep Elf Conjurer)               Turns: 772, Time: 00:06:42

Health: -9/36      AC:  2    Str:  5    XL:     7   Next: 98%
Magic:  16/24      EV: 22    Int: 22    God:    Vehumet [*.....]
Gold:   262        SH:  0    Dex: 15    Spells: 6 memorised, 10 levels left

rFire  . . .     SeeInvis .     (no weapon)
rCold  . . .     Gourm    .     a - +0 robe
rNeg   . . .     Faith    .     (no shield)
rPois  .         Spirit   .     (no helmet)
rElec  .         Reflect  .     (no cloak)
rCorr  .         Harm     .     (no gloves)
MR     .....     NoTele   +     (no boots)
Stlth  ++........               (no amulet)
                                (no ring)
                                (no ring)

@: very slightly contaminated
A: no striking features
a: Renounce Religion


You were in the Dungeon.
You worshipped Vehumet.
Vehumet was aware of your devotion.
You were not hungry.

You visited 1 branch You collected 444 gold pieces.
You spent 182 gold pieces at shops.

Inventory:

Armour
 a - a +0 robe (worn)
Scrolls
 e - 5 scrolls of identify
 h - a scroll of remove curse
 i - a scroll of blinking
Potions
 d - a potion of curing
 f - a potion of haste
 g - a potion of magic
Books
 b - a book of Conjurations

   Spells                             Type                      Level
   a - Magic Dart                     Conjuration                  1
   b - Searing Ray                    Conjuration                  2
   c - Dazzling Spray                 Conjuration/Hexes            3
   d - Fulminant Prism                Conjuration/Hexes            4
   e - Iskenderun's Mystic Blast      Conjuration                  4
   f - Iskenderun's Battlesphere      Conjuration/Charms           5
Comestibles
 c - a bread ration


   Skills:
 * Level 14.2 Dodging
 - Level 2.4 Stealth
 + Level 11.6 Spellcasting
 + Level 10.5 Conjurations


You had 10 spell levels left.
You knew the following spells:

 Your Spells              Type           Power        Failure   Level  Hunger
a - Magic Dart            Conj           ####         1%          1    None
c - Iskenderun's Mystic   Conj           ######..     1%          4    None
d - Dazzling Spray        Conj/Hex       #####.       1%          3    None
e - Iskenderun's Battles  Conj/Chrm      #####...     17%         5    ####...
s - Searing Ray           Conj           ######       1%          2    None
x - Fulminant Prism       Conj/Hex       #####.....   8%          4    None


Dungeon Overview and Level Annotations

Branches:
Dungeon (1/1)

Altars:
Cheibriados
Dithmenos
Elyvilon
Fedhas
Gozag
Hepliaklqana
Kikubaaqudgha
Makhleb
Nemelex Xobeh
Okawaru
Qazlal
Ru
Sif Muna
Trog
Uskayaw
Vehumet
Xom
Yredelemnul
Zin
The Shining One
Jiyva
Lugonu

Shops:
D ?


Message History

The orb of energy explodes!
The mystic blast hits the demonic crawler.
The demonic crawler is moderately wounded.
The demonic crawler gives a hideous shriek!
The kobold demonologist misses you. The demonic crawler barely misses you.
The demonic crawler hits you.
* * * LOW HITPOINT WARNING * * *
The demonic crawler misses you.
Casting: Iskenderun's Mystic Blast
Confirm with . or Enter, or press ? or * to list all spells.
Aiming: Iskenderun's Mystic Blast
Press: ? - help, Shift-Dir - straight line, f/p - kobold demonologist
Aim: a kobold demonologist, wielding a dagger and wearing a robe (almost dead)
The orb of energy misses the kobold demonologist.
The orb of energy explodes!
The mystic blast hits the demonic crawler.
The demonic crawler is severely wounded.
The demonic crawler closely misses you. The demonic crawler misses you.
The demonic crawler hits you!
You die...

##########################
#<.#..'..#..'@K#__#..'.5.#
#..)..#..'..#.s3^.').#K..#
#.)#####'#####'#__#### ..+
#..####..#...#.#### ##
#..#__####..##.#
#..#_____##'#..+
#⌠⌠#_.∩...'..._#
####_..__##_.#'#
#_____###+#.#


You could see a soul eater, a demonic crawler and a kobold demonologist.

Vanquished Creatures
  A kobold demonologist (D)
  A slime creature (D)
  Sigmund (D)
  A yak (D)
  A floating eye (D)
  An ogre (D)
  A jelly (D)
  Ijyb (D)
8 creatures vanquished.

Vanquished Creatures (others)
  4 fulminant prisms (D)
4 creatures vanquished.

Grand Total: 12 creatures vanquished

Notes
Turn   | Place    | Note
-------+----------+-------------------------------------------
     0 | D        | snowfan the Deep Elf Conjurer began the quest for the Orb.
     0 | D        | Reached XP level 1. HP: 10/10 MP: 6/6
     2 | D        | Noticed Ijyb
    26 | D        | Killed Ijyb
    26 | D        | Reached skill level 5 in Dodging
    26 | D        | Reached skill level 5 in Conjurations
    26 | D        | Reached XP level 2. HP: 15/15 MP: 0/9
    94 | D        | Learned a level 2 spell: Searing Ray
    94 | D        | Noticed an ogre
   104 | D        | Killed an ogre
   104 | D        | Reached skill level 8 in Dodging
   104 | D        | Reached XP level 3. HP: 19/19 MP: 0/13
   104 | D        | Reached XP level 4. HP: 24/24 MP: 0/14
   216 | D        | Noticed Sigmund
   238 | D        | Killed Sigmund
   238 | D        | Reached skill level 10 in Dodging
   238 | D        | Reached XP level 5. HP: 17/28 MP: 0/18
   238 | D        | Reached XP level 6. HP: 19/32 MP: 0/19
   422 | D        | Found a deep blue altar of Sif Muna.
   425 | D        | Found a radiant altar of Vehumet.
   427 | D        | Reached skill level 11 in Dodging
   459 | D        | Became a worshipper of Vehumet
   481 | D        | Learned a level 4 spell: Iskenderun's Mystic Blast
   485 | D        | Learned a level 3 spell: Dazzling Spray
   490 | D        | Learned a level 4 spell: Fulminant Prism
   492 | D        | Found Zoawnat's Magic Scroll Emporium.
   492 | D        | Found an ancient bone altar of Kikubaaqudgha.
   492 | D        | Found a hazy altar of Hepliaklqana.
   492 | D        | Found a stormy altar of Qazlal.
   492 | D        | Found a hide-covered altar of Uskayaw.
   492 | D        | Found a blossoming altar of Fedhas.
   492 | D        | Found a bloodstained altar of Trog.
   492 | D        | Found an iron altar of Okawaru.
   492 | D        | Found a basalt altar of Yredelemnul.
   492 | D        | Found a glowing golden altar of the Shining One.
   492 | D        | Found a snail-covered altar of Cheibriados.
   492 | D        | Found a sacrificial altar of Ru.
   492 | D        | Found a glowing silver altar of Zin.
   492 | D        | Found a shadowy altar of Dithmenos.
   492 | D        | Found a white marble altar of Elyvilon.
   492 | D        | Noticed a yak
   498 | D        | Killed a yak
   498 | D        | Reached skill level 12 in Dodging
   574 | D        | Found an opulent altar of Gozag.
   575 | D        | Found a sparkling altar of Nemelex Xobeh.
   579 | D        | Bought 2 scrolls of identify for 56 gold pieces
   579 | D        | Bought a scroll of identify for 28 gold pieces
   579 | D        | Bought a scroll of identify for 28 gold pieces
   579 | D        | Bought a scroll of remove curse for 42 gold pieces
   579 | D        | Bought a scroll of identify for 28 gold pieces
   598 | D        | Found a burning altar of Makhleb.
   598 | D        | Found a viscous altar of Jiyva.
   598 | D        | Found a shimmering altar of Xom.
   598 | D        | Found a corrupted altar of Lugonu.
   598 | D        | Noticed a slime creature
   605 | D        | Killed a slime creature
   605 | D        | Reached skill level 13 in Dodging
   605 | D        | Reached skill level 10 in Spellcasting
   605 | D        | Reached XP level 7. HP: 36/36 MP: 1/23
   734 | D        | Learned a level 5 spell: Iskenderun's Battlesphere
   750 | D        | Noticed a kobold demonologist
   751 | D        | Noticed a kobold demonologist
   753 | D        | Reached * piety under Vehumet
   753 | D        | Offered knowledge of Freeze by Vehumet.
   753 | D        | Reached skill level 10 in Conjurations
   758 | D        | Killed a kobold demonologist
   758 | D        | Reached skill level 14 in Dodging
   767 | D        | Noticed a demonic crawler
   769 | D        | Noticed a soul eater
   771 | D        | Noticed a demonic crawler
   771 | D        | HP: 1/36 [demonic crawler (6)]
   772 | D        | Mangled by a demonic crawler

Skill      XL: |  1  2  3  4  5  6  7 |
---------------+----------------------+-----
Dodging        | 5 8 10 13 14 | 14.2
Spellcasting   | 4 6 8 10 11 | 11.6
Conjurations   | 5 6 8 9 10 | 10.5
Stealth        | |  2.4

Action                   |  1- 3 |  4- 6 |  7- 9 || total
-------------------------+-------+-------+-------++-------
Melee: Unarmed           |    12 |       |       ||    12
 Cast: Magic Dart        |     8 |     5 |       ||    13
       Searing Ray       |     4 |     9 |       ||    13
       Iskenderun's Myst |       |     5 |     6 ||    11
       Fulminant Prism   |       |     2 |     2 ||     4
  Use: Potion            |     1 |     1 |     1 ||     3
Armor: Robe              |     3 |       |       ||     3
Dodge: Dodged            |    10 |     2 |     6 ||    18
